 Dungeon Crawl Stone Soup version 0.16.1-11-g651b585 (webtiles) character file.

149 hulla the Changer (level 5, -2/33 HPs)
             Began as an Octopode Transmuter on Apr 5, 2015.
             Slain by Grinder (9 damage)
             ... on level 3 of the Dungeon.
             The game lasted 00:11:03 (2994 turns).

hulla the Changer (Octopode Transmuter)             Turns: 2994, Time: 00:11:03

Health: -2/33      AC:  2    Str:  9    XL:     5   Next: 31%
Magic:  7/9        EV: 20    Int: 16    God:
Gold:   63         SH:  0    Dex: 18    Spells: 3 memorised, 2 levels left

rFire  . . .     SeeInvis .       - Unarmed
rCold  . . .     Clarity  .     (shield currently unavailable)
rNeg   . . .     SustAb   .     (helmet currently unavailable)
rPois  x         Gourm    .     (no amulet)
rElec  .         Spirit   .     (no ring)
rCorr  .         Warding  .     (no ring)
rMut   .         Stasis   .     (no ring)
MR     .....                    (no ring)
Stlth  ++........               (no ring)
                                (no ring)
                                (no ring)
                                (no ring)

@: spider-form (expiring), not resistant to hostile enchantments, unstealthy
A: almost no armour, amphibious, 8 rings, (constrict 8), (camouflage 0),
(gelatinous body 0)
a: End Transformation


You were on level 3 of the Dungeon.
You were not hungry.
You were a venomous arachnid creature.
You visited 1 branch of the dungeon, and saw 3 of its levels.

You collected 63 gold pieces.

Inventory:

Hand weapons
 a - a +0 blowgun
Missiles
 b - 28 arrows
 k - 17 poisoned needles
 o - 31 sling bullets
Jewellery
 h - an uncursed amulet of regeneration {unknown}
Scrolls
 j - a scroll of magic mapping
 p - 2 scrolls of identify
Potions
 n - a potion of restore abilities
Books
 d - a book of Changes

   Spells                             Type                      Level
   a - Beastly Appendage              Transmutation                1
   b - Sticks to Snakes               Transmutation                2
   c - Spider Form                    Transmutation/Poison         3
   d - Ice Form                       Ice/Transmutation            4
   e - Blade Hands                    Transmutation                5
Comestibles
 c - a royal jelly
 f - 2 fruits
 g - 2 meat rations
 i - 2 beef jerkies
 l - a slice of pizza


   Skills:
 - Level 1.0 Fighting
 - Level 2.0 Dodging
 - Level 3.0 Unarmed Combat
 - Level 2.0 Spellcasting
 + Level 5.1 Transmutations
 + Level 1.4 Poison Magic


You had 2 spell levels left.
You knew the following spells:

 Your Spells              Type           Power        Failure   Level  Hunger
a - Beastly Appendage     Trmt           ###...       10%         1    #......
b - Spider Form           Trmt/Pois      ##........   36%         3    ###....
c - Sticks to Snakes      Trmt           ###.......   14%         2    ###....


Dungeon Overview and Level Annotations

Branches:
Dungeon (3/15)

Altars:
Fedhas
Xom

Annotations:
D:3 Grinder


Innate Abilities, Weirdness & Mutations

You cannot wear most types of armour.
You are amphibious.
You can wear up to eight rings at the same time.
((You can use your tentacles to constrict many enemies at once.))
((Your skin changes colour to match your surroundings (Stealth).))
((Your rubbery body absorbs attacks (AC +1).))


Message History

You hit Grinder.
Grinder is moderately wounded.
Your transformation is almost over.
Grinder barely misses you.
You bite Grinder!
Grinder is heavily wounded.
Grinder gestures at you. Pain shoots through your body!
You bite Grinder!
Grinder is severely wounded.
Grinder misses you.
You hit Grinder.
Grinder is severely wounded.
Grinder gestures at you. Pain shoots through your body!
* * * LOW HITPOINT WARNING * * *
You hit Grinder but do no damage.
Grinder is severely wounded.
Grinder hits you!
You die...

### #.....#
###.....# ..
.?.....# ...
......# ... .....
.. ... ##.## #5# .
... #s#
#.#.##.###.# #.#
.......##... #.#
#....#.##..# #.#
#....#.##.## #.#
#.#....##... #.#
#.#..#.#####
#.#####.#..#.##...
#.......#....##...
###.....#.........


You could see Grinder.

Vanquished Creatures
  Ijyb (D:2)
  Robin (D:2)
  5 adders
  2 worms (D:2)
  A ball python (D:2)
  7 bats
  4 giant cockroaches
  7 hobgoblins
  4 kobolds
  3 giant geckos
  6 giant newts
  14 goblins
  2 quokkas
  8 rats
65 creatures vanquished.

Notes
Turn   | Place    | Note
--------------------------------------------------------------
     0 | D:1      | hulla, the Octopode Transmuter, began the quest for the Orb.
     0 | D:1      | Reached XP level 1. HP: 13/13 MP: 3/3
   171 | D:1      | Reached XP level 2. HP: 13/18 MP: 4/4
   799 | D:2      | Reached XP level 3. HP: 23/23 MP: 4/6
   804 | D:2      | Learned a level 3 spell: Spider Form
   827 | D:2      | Learned a level 2 spell: Sticks to Snakes
   889 | D:2      | Reached skill level 4 in Transmutations
   915 | D:2      | Reached XP level 4. HP: 9/28 MP: 7/7
  1202 | D:2      | Noticed Ijyb
  1251 | D:2      | Killed Ijyb
  1610 | D:2      | Found a shimmering altar of Xom.
  1752 | D:2      | Noticed Robin
  1774 | D:2      | Killed Robin
  1797 | D:1      | Reached XP level 5. HP: 12/33 MP: 2/9
  1989 | D:2      | Reached skill level 5 in Transmutations
  1989 | D:2      | Reached skill level 1 in Poison Magic
  2146 | D:2      | Found a blossoming altar of Fedhas.
  2981 | D:3      | Noticed Grinder
  2994 | D:3      | Slain by Grinder

Action                   |  1- 3 |  4- 6 || total
-------------------------+-------+-------++-------
Melee: Unarmed           |    68 |   112 ||   180
 Cast: Beastly Appendage |     3 |    10 ||    13
       Spider Form       |       |     7 ||     7
       Sticks to Snakes  |       |     2 ||     2
 Abil: End Transformatio |       |     1 ||     1
  Use: Potion            |     3 |     2 ||     5
       Scroll            |     2 |     3 ||     5
 Stab: Sleeping          |     4 |     4 ||     8
  Eat: Chunk             |       |     7 ||     7
       Bread ration      |       |     1 ||     1
